[Event "GER-ch Youth U16W 2020"]
[Site "Willingen"]
[Date "2020.10.23"]
[Round "5.10"]
[White "Schwegler, Jelena"]
[Black "Jacoby, Angelina"]
[Result "1/2-1/2"]
[ECO "B01"]
[WhiteElo "1539"]
[BlackElo "1630"]
[Annotator "NA RC"]
[PlyCount "79"]
[EventDate "2020.10.20"]
[EventType "swiss"]
[EventRounds "7"]
[EventCountry "GER"]
[SourceTitle "playchess.com"]
[Source "ChessBase"]
[SourceQuality "1"]
[TimeControl "40/5400+30:1800+30"]

1. e4 d5 2. exd5 Qxd5 3. Nc3 Qd8 4. d4 Nf6 5. Nf3 Bg4 6. h3 Bxf3 7. Qxf3 c6 8. Bf4 e6 9. O-O-O Nbd7 10. Bc4 Bb4 11. g4 Nb6 12. Bb3 Nfd5 13. Nxd5 cxd5 14. c3 Rc8 15. Bc2 Bd6 16. Bd3 a6 17. g5 Nc4 18. Bxc4 Rxc4 19. Bxd6 Qxd6 20. Qe3 b5 21. Qe5 Qxe5 22. dxe5 Ke7 23. Rd4 Rhc8 24. Rhd1 b4 25. Rxc4 Rxc4 26. Rd4 Rxd4 27. cxd4 Kd7 28. Kc2 Kc6 29. Kb3 Kb5 30. a4+ bxa3 31. bxa3 a5 32. a4+ Kc6 33. Kc3 Kd7 34. Kd3 Ke7 35. Ke3 f6 36. f4 Kf7 37. gxf6 gxf6 38. Kf3 Kg6 39. Kg4 f5+ 40. Kg3 1/2-1/2

[Event "GER-ch Youth U16W 2020"]
[Site "Willingen"]
[Date "2020.10.23"]
[Round "6.1"]
[White "Reuter, Elisa"]
[Black "Butenandt, Svenja"]
[Result "1/2-1/2"]
[ECO "B42"]
[WhiteElo "1860"]
[BlackElo "1986"]
[Annotator "ChessBase"]
[PlyCount "64"]
[EventDate "2020.10.20"]
[EventType "swiss"]
[EventRounds "7"]
[EventCountry "GER"]
[SourceTitle "playchess.com"]
[Source "ChessBase"]
[SourceQuality "1"]
[TimeControl "40/5400+30:1800+30"]

1. e4 c5 2. Nf3 e6 3. d4 cxd4 4. Nxd4 a6 5. Bd3 Qc7 6. O-O Nf6 7. Qe2 d6 8. f4 g6 9. f5 Bg7 10. c3 O-O 11. g4 exf5 12. exf5 Re8 13. Qf3 d5 14. Bf4 Qb6 15. Bxb8 Rxb8 16. fxg6 fxg6 17. g5 Bg4 18. Qg3 Ne4 19. Bxe4 Bxd4+ 20. cxd4 Qxd4+ 21. Qf2 Qxf2+ 22. Rxf2 dxe4 23. Nc3 Rbd8 24. Re1 Bf5 25. Re3 b5 26. a3 Rd3 27. Rfe2 Rxe3 28. Rxe3 Kg7 29. Kf2 h6 30. h4 hxg5 31. hxg5 Kf7 32. Kg3 Rh8 1/2-1/2

[Event "GER-ch Youth U16W 2020"]
[Site "Willingen"]
[Date "2020.10.23"]
[Round "6.2"]
[White "Brunner, Sophia"]
[Black "Rudolph, Eva"]
[Result "1-0"]
[ECO "D40"]
[WhiteElo "1850"]
[BlackElo "1836"]
[Annotator "NA"]
[PlyCount "119"]
[EventDate "2020.10.20"]
[EventType "swiss"]
[EventRounds "7"]
[EventCountry "GER"]
[SourceTitle "playchess.com"]
[Source "ChessBase"]
[SourceQuality "1"]
[TimeControl "40/5400+30:1800+30"]

1. d4 d5 2. Nf3 Nf6 3. c4 e6 4. Nc3 c5 5. Bf4 a6 6. e3 Nc6 7. dxc5 Qa5 8. Nd2 Qxc5 9. Nb3 Qb6 10. Be2 Be7 11. O-O dxc4 12. Bxc4 O-O 13. Qe2 Na5 14. Nxa5 Qxa5 15. e4 b5 16. Bd3 b4 17. Nb1 e5 18. Bg3 Re8 19. Nd2 Bd6 20. Nc4 Qd8 21. Rfd1 Bb8 22. Ne3 Qa5 23. Bh4 Nd7 24. Bc4 Nb6 25. Bb3 Ba7 26. Nd5 Nxd5 27. Bxd5 Rb8 28. Qc4 Be6 29. Bxe6 Rxe6 30. Rd5 Qb6 31. Rad1 h6 32. Kh1 Rc6 33. Qb3 Re6 34. Qf3 g5 35. Bg3 Rbe8 36. h3 Rf6 37. Qe2 Rfe6 38. Qg4 Qc6 39. Qe2 Bd4 40. f3 Qc7 41. R5xd4 Qa5 42. Rc4 Rb8 43. b3 Qb5 44. Rd5 Qe8 45. Qd2 Qe7 46. Rd7 Qe8 47. Rd5 Qe7 48. Qb2 f6 49. Qd2 Rb7 50. Bf2 a5 51. Rxa5 Rd6 52. Rd5 Rbd7 53. Rxd6 Rxd6 54. Bc5 Rxd2 55. Bxe7 Kf7 56. Bxb4 Rxa2 57. Bc3 Rc2 58. Ba5 Rb2 59. b4 Ke6 60. Rc6+ 1-0

[Event "GER-ch Youth U16W 2020"]
[Site "Willingen"]
[Date "2020.10.23"]
[Round "6.3"]
[White "Pavlov, Liliane"]
[Black "Bardorz, Jana"]
[Result "0-1"]
[ECO "A49"]
[WhiteElo "1744"]
[BlackElo "1960"]
[Annotator "ChessBase"]
[PlyCount "100"]
[EventDate "2020.10.20"]
[EventType "swiss"]
[EventRounds "7"]
[EventCountry "GER"]
[SourceTitle "playchess.com"]
[Source "ChessBase"]
[SourceQuality "1"]
[TimeControl "40/5400+30:1800+30"]

1. d4 Nf6 2. Nf3 g6 3. g3 Bg7 4. Bg2 O-O 5. O-O d6 6. b3 c6 7. Bb2 Nbd7 8. c4 Qb6 9. Qc2 Re8 10. Nbd2 e5 11. e4 Nh5 12. d5 Nc5 13. Ne1 f5 14. dxc6 bxc6 15. Nd3 Nxe4 16. Nxe4 fxe4 17. Bxe4 Nf6 18. Bg2 Bf5 19. Qd1 Rad8 20. Kh1 e4 21. Nf4 Ng4 22. Bxg7 Kxg7 23. Qe2 e3 24. f3 Nf2+ 25. Kg1 d5 26. g4 Bd3 27. Nxd3 Nxd3 28. Qxd3 e2+ 29. Kh1 exf1=Q+ 30. Rxf1 Qe3 31. Qxe3 Rxe3 32. f4 d4 33. Bf3 c5 34. Kg2 Rde8 35. Kf2 Rc3 36. Bd1 Rd3 37. a4 Rde3 38. Kg2 Re1 39. Kf2 Rxf1+ 40. Kxf1 Rf8 41. Ke2 Rxf4 42. Kd3 g5 43. h3 a5 44. Be2 Kf6 45. Bd1 Ke5 46. Ke2 h6 47. Bc2 Rf6 48. Bd3 Kf4 49. Kf2 Re6 50. Bf5 Re3 0-1

[Event "GER-ch Youth U16W 2020"]
[Site "Willingen"]
[Date "2020.10.23"]
[Round "6.4"]
[White "Schnabel, Luise"]
[Black "Peglau, Mirjam"]
[Result "0-1"]
[ECO "C03"]
[WhiteElo "1867"]
[BlackElo "1909"]
[Annotator "ChessBase"]
[PlyCount "116"]
[EventDate "2020.10.20"]
[EventType "swiss"]
[EventRounds "7"]
[EventCountry "GER"]
[SourceTitle "playchess.com"]
[Source "ChessBase"]
[SourceQuality "1"]
[TimeControl "40/5400+30:1800+30"]

1. e4 e6 2. d4 d5 3. Nd2 dxe4 4. Nxe4 Bd7 5. Be3 Bc6 6. Ng3 Nf6 7. Nf3 Nbd7 8. Be2 Be7 9. O-O O-O 10. Re1 Bxf3 11. Bxf3 c6 12. c3 Re8 13. Bf4 Nd5 14. Bxd5 cxd5 15. Ne2 b5 16. a3 a5 17. Nc1 b4 18. axb4 axb4 19. Nd3 bxc3 20. bxc3 Qb6 21. Rb1 Qc6 22. Rb3 Bd6 23. Ne5 Nxe5 24. Bxe5 Bxe5 25. dxe5 Reb8 26. Rxb8+ Rxb8 27. Qd4 Rb3 28. Rc1 h6 29. h3 Rb8 30. Ra1 Rc8 31. Ra3 Qc4 32. Qxc4 Rxc4 33. f3 g5 34. Kf2 Kg7 35. Ke3 h5 36. g3 Kg6 37. g4 h4 38. Kd3 Rf4 39. Ke3 Kg7 40. Ke2 Rc4 41. Kd3 Kg6 42. Kd2 Rc6 43. Kd3 f6 44. exf6 Kxf6 45. Ra8 Ke5 46. Ra4 Rc7 47. Kd2 Rb7 48. Kc2 Rf7 49. Ra8 Rxf3 50. Rg8 Kf4 51. Rg6 Re3 52. Kd2 Re5 53. Kd3 Kg3 54. Kd4 Re4+ 55. Kd3 Kxh3 56. Rxg5 Rxg4 57. Re5 Rg6 58. Re2 Kg3 0-1

[Event "GER-ch Youth U16W 2020"]
[Site "Willingen"]
[Date "2020.10.23"]
[Round "6.5"]
[White "Doll, Rebecca"]
[Black "Heutling, Elina"]
[Result "0-1"]
[ECO "C50"]
[WhiteElo "1808"]
[BlackElo "1873"]
[Annotator "NA RC"]
[PlyCount "52"]
[EventDate "2020.10.20"]
[EventType "swiss"]
[EventRounds "7"]
[EventCountry "GER"]
[SourceTitle "playchess.com"]
[Source "ChessBase"]
[SourceQuality "1"]
[TimeControl "40/5400+30:1800+30"]

1. e4 e5 2. Nf3 Nc6 3. Bc4 Bc5 4. O-O Nf6 5. d3 d6 6. c3 a6 7. Bb3 Ba7 8. Nbd2 O-O 9. h3 h6 10. Re1 Nh5 11. Nxe5 Qh4 12. Ng6 Qxf2+ 13. Kh1 Bxh3 14. Rg1 Ng3+ 15. Kh2 Ne2 16. d4 Qg3+ 17. Kh1 Nxg1 18. Qxg1 Qxg6 19. gxh3 Qxg1+ 20. Kxg1 Rae8 21. Bc2 f5 22. exf5 Ne7 23. Nf3 Nxf5 24. Bd2 c5 25. dxc5 Bxc5+ 26. Kf1 Ne3+ 0-1

[Event "GER-ch Youth U16W 2020"]
[Site "Willingen"]
[Date "2020.10.23"]
[Round "6.6"]
[White "Yue, Qizhou"]
[Black "Basovskiy, Jana"]
[Result "1/2-1/2"]
[ECO "B40"]
[WhiteElo "1775"]
[BlackElo "1760"]
[Annotator "NA"]
[PlyCount "69"]
[EventDate "2020.10.20"]
[EventType "swiss"]
[EventRounds "7"]
[EventCountry "GER"]
[SourceTitle "playchess.com"]
[Source "ChessBase"]
[SourceQuality "1"]
[TimeControl "40/5400+30:1800+30"]

1. e4 c5 2. Nf3 e6 3. g3 Nc6 4. Bg2 Nf6 5. Nc3 d5 6. exd5 exd5 7. d4 Be6 8. O-O h6 9. Bf4 Be7 10. Re1 Rc8 11. Ne2 b6 12. c3 O-O 13. Nc1 Bf5 14. dxc5 bxc5 15. Nb3 Re8 16. Ne5 Bf8 17. Nxc6 Rxe1+ 18. Qxe1 Rxc6 19. Rd1 Re6 20. Qd2 Be4 21. Bxe4 Rxe4 22. Be3 Qc7 23. f3 Re6 24. Qf2 Rc6 25. Bf4 Qc8 26. Be5 Qf5 27. Bxf6 Rxf6 28. f4 Rc6 29. Qf3 Re6 30. Qxd5 Qc2 31. Qd2 Qe4 32. Kf2 Qa4 33. Qc2 Qe8 34. Qd2 Qa4 35. Qc2 1/2-1/2

[Event "GER-ch Youth U16W 2020"]
[Site "Willingen"]
[Date "2020.10.23"]
[Round "6.7"]
[White "Falke, Ornella"]
[Black "Kalina, Lena"]
[Result "1-0"]
[ECO "E81"]
[WhiteElo "1500"]
[BlackElo "1561"]
[Annotator "NA RC"]
[PlyCount "169"]
[EventDate "2020.10.20"]
[EventType "swiss"]
[EventRounds "7"]
[EventCountry "GER"]
[SourceTitle "playchess.com"]
[Source "ChessBase"]
[SourceQuality "1"]
[TimeControl "40/5400+30:1800+30"]

1. d4 Nf6 2. c4 g6 3. Nc3 Bg7 4. e4 d6 5. f3 O-O 6. Be3 c5 7. Nge2 Nc6 8. d5 Ne5 9. Ng3 Rb8 10. Be2 a6 11. Qd2 Bd7 12. a4 Qa5 13. O-O Qb4 14. b3 Ne8 15. Na2 Qxd2 16. Bxd2 b5 17. axb5 axb5 18. Nc3 bxc4 19. bxc4 Nc7 20. Ra7 Rfc8 21. f4 Ng4 22. Nb5 Nxb5 23. Rxd7 Nf6 24. Rxe7 Nd4 25. e5 Nxe2+ 26. Nxe2 Ne4 27. Ba5 Kf8 28. Rc7 dxe5 29. fxe5 Rxc7 30. Bxc7 Rc8 31. Nf4 Ke8 32. Re1 Nd2 33. d6 Kd7 34. Nd5 Rf8 35. Nb6+ Kc6 36. Kf2 Nb3 37. Kg3 Nd4 38. Nd5 Re8 39. Ne7+ Kd7 40. Bb6 Ne6 41. Kf2 Ra8 42. Nd5 Ra2+ 43. Kf1 Rc2 44. Bc7 Nd4 45. Bb8 Rb2 46. Ba7 Ne6 47. Re3 Rb7 48. Rf3 Ke8 49. Bb6 Bxe5 50. Nc7+ Nxc7 51. dxc7 Bxc7 52. Bxc5 Rb1+ 53. Ke2 Kd7 54. Rxf7+ Kc6 55. Rxh7 Bf4 56. Bd4 Rc1 57. c5 Rc2+ 58. Kf3 Bc1 59. Rg7 g5 60. h3 Rc4 61. Bf6 Rxc5 62. Kg4 Rc2 63. g3 Rc4+ 64. Kh5 Kd5 65. Bxg5 Bb2 66. Rg8 Ke6 67. Rf8 Bg7 68. Rf4 Rc3 69. Rg4 Be5 70. Bf4 Bf6 71. h4 Rc8 72. Rg6 Kf7 73. g4 Rh8+ 74. Rh6 Rg8 75. g5 Bg7 76. Rb6 Rh8+ 77. Kg4 Bd4 78. Rc6 Ra8 79. Rc7+ Kg8 80. g6 Ra4 81. Kg5 Ra5+ 82. Kh6 Ra8 83. Rb7 Ba7 84. Rg7+ Kf8 85. Bd6+ 1-0

[Event "GER-ch Youth U16W 2020"]
[Site "Willingen"]
[Date "2020.10.23"]
[Round "6.8"]
[White "Cheredzhiyska, Iva"]
[Black "Schneider, Katharina"]
[Result "0-1"]
[ECO "C45"]
[WhiteElo "1674"]
[BlackElo "1779"]
[Annotator "NA"]
[PlyCount "78"]
[EventDate "2020.10.20"]
[EventType "swiss"]
[EventRounds "7"]
[EventCountry "GER"]
[SourceTitle "playchess.com"]
[Source "ChessBase"]
[SourceQuality "1"]
[TimeControl "40/5400+30:1800+30"]

1. e4 e5 2. Nf3 Nc6 3. d4 exd4 4. Nxd4 Bc5 5. Nb3 Bb6 6. Nc3 Qf6 7. Qe2 Nge7 8. Be3 d6 9. O-O-O Be6 10. Kb1 O-O-O 11. Nd5 Bxd5 12. exd5 Ne5 13. g3 Kb8 14. Bxb6 axb6 15. f4 Nd7 16. Bh3 Nc5 17. Qb5 Nf5 18. Rhe1 Nxb3 19. cxb3 g6 20. Rc1 h5 21. Qc4 Rc8 22. b4 c5 23. Qb5 Qd8 24. bxc5 bxc5 25. Bxf5 gxf5 26. Rc4 Re8 27. Rec1 Re4 28. Rxe4 fxe4 29. Qe2 Qh8 30. Qxe4 Re8 31. Qf3 Qh7+ 32. Ka1 Re4 33. Rd1 f5 34. a3 Qf7 35. Qf2 Qe8 36. Rd2 Re1+ 37. Ka2 Qe4 38. Qg2 Qc4+ 39. b3 Qc1 0-1

[Event "GER-ch Youth U16W 2020"]
[Site "Willingen"]
[Date "2020.10.23"]
[Round "6.9"]
[White "Jacoby, Angelina"]
[Black "Dohon, Maria-Johanna"]
[Result "1/2-1/2"]
[ECO "A11"]
[WhiteElo "1630"]
[BlackElo "1536"]
[Annotator "NA"]
[PlyCount "82"]
[EventDate "2020.10.20"]
[EventType "swiss"]
[EventRounds "7"]
[EventCountry "GER"]
[SourceTitle "playchess.com"]
[Source "ChessBase"]
[SourceQuality "1"]
[TimeControl "40/5400+30:1800+30"]

1. c4 c6 2. g3 d5 3. Bg2 e5 4. Qc2 Nf6 5. b3 Bd6 6. Nc3 d4 7. Ne4 Nxe4 8. Bxe4 h6 9. Bg2 O-O 10. Nf3 Be6 11. Bb2 Nd7 12. O-O Qe7 13. e3 dxe3 14. dxe3 Rad8 15. Rad1 Bg4 16. Rd2 Bc7 17. h3 Bh5 18. Nh2 Bg6 19. e4 Nc5 20. Rfd1 Rxd2 21. Rxd2 Rd8 22. Rxd8+ Qxd8 23. f3 f6 24. Bf1 Bb6 25. Kg2 h5 26. Bc3 Bh7 27. b4 Ne6 28. c5 Bc7 29. Bc4 Qe7 30. Qb3 Kf7 31. Nf1 Bg8 32. Ne3 g6 33. Nc2 Kg7 34. Qb2 Qd7 35. Be2 Nd8 36. Ne3 Be6 37. h4 Nf7 38. a3 b6 39. cxb6 Bxb6 40. Qd2 Qe7 41. Nc4 Bxc4 1/2-1/2

[Event "GER-ch Youth U16W 2020"]
[Site "Willingen"]
[Date "2020.10.23"]
[Round "6.10"]
[White "Klahold, Rona"]
[Black "Schwegler, Jelena"]
[Result "1-0"]
[ECO "A48"]
[WhiteElo "1551"]
[BlackElo "1539"]
[Annotator "NA"]
[PlyCount "88"]
[EventDate "2020.10.20"]
[EventType "swiss"]
[EventRounds "7"]
[EventCountry "GER"]
[SourceTitle "playchess.com"]
[Source "ChessBase"]
[SourceQuality "1"]
[TimeControl "40/5400+30:1800+30"]

1. d4 Nf6 2. Nf3 g6 3. Bf4 d5 4. e3 Bg7 5. Nbd2 O-O 6. Be2 Bf5 7. Ne5 Nc6 8. Nxc6 bxc6 9. g4 Bd7 10. g5 Ne8 11. h4 Rb8 12. Nb3 Nd6 13. h5 Bf5 14. Bd3 Qc8 15. hxg6 Bxg6 16. Ke2 Qg4+ 17. Ke1 Qxd1+ 18. Kxd1 Rfe8 19. Rb1 e5 20. dxe5 Bxe5 21. Bxe5 Rxe5 22. Rg1 Nb5 23. Kd2 Nd6 24. Nc5 Re7 25. Rg4 Rbe8 26. Ra4 Bxd3 27. cxd3 Nb5 28. d4 Kg7 29. Ra6 Kg6 30. Rg1 f6 31. Rxc6 Nd6 32. gxf6+ Kxf6 33. Na6 Rc8 34. Rgc1 Kf5 35. b3 Ne8 36. f3 h5 37. Rg1 Nd6 38. Nb4 h4 39. Nxd5 Rh7 40. e4+ Ke6 41. Rg6+ Kd7 42. Nf6+ Kxc6 43. Nxh7 Kd7 44. Rh6 Rb8 1-0

[Event "GER-ch Youth U16W 2020"]
[Site "Willingen"]
[Date "2020.10.24"]
[Round "7.3"]
[White "Heutling, Elina"]
[Black "Reuter, Elisa"]
[Result "1-0"]
[ECO "B35"]
[WhiteElo "1873"]
[BlackElo "1860"]
[Annotator "NA RC"]
[PlyCount "131"]
[EventDate "2020.10.20"]
[EventType "swiss"]
[EventRounds "7"]
[EventCountry "GER"]
[SourceTitle "playchess.com"]
[Source "ChessBase"]
[SourceQuality "1"]
[TimeControl "40/5400+30:1800+30"]

1. e4 {Roiz,M} c5 2. Nf3 Nc6 3. d4 cxd4 4. Nxd4 g6 5. Nc3 Bg7 6. Be3 Nf6 7. Bc4 Qa5 8. O-O O-O 9. Bb3 d6 10. h3 Bd7 11. Re1 Rac8 12. Nf3 {[%emt 0:01:25] B35: Sicilian: Accelerated Dragon with 5 Nc3: main line.} Qh5 13. Qe2 a6 14. Rad1 Ne5 15. Nxe5 {[%emt 0:01:52] [#]} Qxe2 $146 ({Predecessor:} 15... Qxe5 16. f4 Qa5 17. Qf2 Rxc3 18. Bd2 Rxb3 19. Bxa5 Rxb2 20. e5 Ne8 21. Bd8 Kh8 22. Bxe7 {1-0 (34) Fedorov,A (2602)-Malakhov,V (2670) Warsaw 2005 CBM 108 [Roiz,M]}) 16. Rxe2 dxe5 17. Red2 Bc6 18. f3 e6 19. Na4 Bxa4 20. Bxa4 b5 21. Bb3 Rfe8 22. Bb6 Bf8 23. a4 Bc5+ 24. Bxc5 Rxc5 25. Rd6 bxa4 26. Bxa4 Rb8 27. Rd8+ Rxd8 28. Rxd8+ Kg7 29. Ra8 Ra5 30. b3 Nh5 31. Kf2 Nf4 32. h4 Rc5 33. c4 Nd3+ 34. Ke2 Nb4 35. Kd2 Rc7 36. Rb8 a5 37. Ra8 Rc5 38. Bb5 Nc6 39. Rc8 Nd4 40. Ra8 Nxb5 41. cxb5 Rxb5 42. Kc3 Rc5+ 43. Kb2 Kf6 44. Ra7 h6 45. Rd7 Kg7 46. Rd3 Kf6 47. Rc3 {[%emt 0:00:00] [#]} Rb5 $2 ({Black should play} 47... Rxc3 $1 $19 48. Kxc3 g5) 48. Ka3 $1 Rb4 49. Rc5 Rd4 50. Rxa5 Rd2 51. b4 Rxg2 (51... Ke7 $11 {remains equal.}) 52. b5 Rg3 $2 (52... Rg1 $1 $14) 53. b6 Rxf3+ 54. Kb4 Rf1 55. Rb5 Rb1+ 56. Kc5 Rc1+ 57. Kd6 Rc8 58. Rxe5 Rb8 59. Rb5 g5 60. hxg5+ $2 (60. h5 $18 g4 61. Kc7) 60... hxg5 61. Kc7 Rxb6 (61... Re8 $11) 62. Kxb6 e5 63. Kc6 Ke6 64. Rd5 g4 65. Rd6+ Ke7 66. Rh6 1-0

[Event "GER-ch Youth U16W 2020"]
[Site "Willingen"]
[Date "2020.10.24"]
[Round "7.4"]
[White "Rudolph, Eva"]
[Black "Falke, Ornella"]
[Result "1-0"]
[ECO "B70"]
[WhiteElo "1836"]
[BlackElo "1500"]
[Annotator "NA RC"]
[PlyCount "92"]
[EventDate "2020.10.20"]
[EventType "swiss"]
[EventRounds "7"]
[EventCountry "GER"]
[SourceTitle "playchess.com"]
[Source "ChessBase"]
[SourceQuality "1"]
[TimeControl "40/5400+30:1800+30"]

1. e4 c5 2. Nf3 d6 3. d4 cxd4 4. Nxd4 Nf6 5. Nc3 g6 6. Bc4 Bg7 7. h3 Nc6 8. Be3 Bd7 9. Bb3 O-O 10. O-O Rc8 11. Qd2 a6 {[%emt 0:03:14] B72: Sicilian Dragon: 6 Be3, lines with h3+Bc4 and sidelines.} 12. a4 Na5 13. Rfe1 {[%emt 0:06:55] [#]} Nc4 $146 ({Predecessor:} 13... Re8 14. Ba2 Nc4 15. Bxc4 Rxc4 16. Qd3 Qc8 17. Kh2 Be6 18. f3 Qc7 19. Kh1 Rc8 20. Bf2 Rb4 21. Nxe6 fxe6 22. Ra2 Nd7 23. Rd1 Kf7 24. Rb1 Bxc3 {0-1 (24) Zemljaric,M-Kelemen,M (2072) Ptuj 2011}) 14. Bxc4 Rxc4 15. a5 Qc8 16. Qd3 Rd8 17. Nb3 Be6 18. Bb6 Rd7 19. Nd4 Nh5 20. Rad1 Nf4 21. Qf3 Bh6 {[%emt 0:06:57] [#]} 22. Nce2 (22. h4 $1 $18) 22... Nxe2+ 23. Rxe2 d5 24. e5 Bf5 25. Nxf5 gxf5 26. Qxf5 e6 27. Qd3 Re7 28. c3 Re8 29. Qg3+ Kh8 30. Be3 Rg8 31. Qf3 Qf8 32. Rd4 Rc7 33. Rh4 Rg6 34. Qh5 Qg8 35. g3 Bxe3 36. Rxe3 Rg5 37. Qf3 Qg7 38. Qe2 Rc5 39. b4 Rc7 40. Kg2 Qg6 41. Rf4 Qb1 42. Rd4 Kg7 $2 (42... Rg8 43. Red3 Qc1) 43. h4 Rg6 44. h5 Rh6 45. Qg4+ Kf8 46. Qg5 Rd7 1-0

[Event "GER-ch Youth U16W 2020"]
[Site "Willingen"]
[Date "2020.10.24"]
[Round "7.5"]
[White "Basovskiy, Jana"]
[Black "Schnabel, Luise"]
[Result "0-1"]
[ECO "B51"]
[WhiteElo "1760"]
[BlackElo "1867"]
[Annotator "NA RC"]
[PlyCount "96"]
[EventDate "2020.10.20"]
[EventType "swiss"]
[EventRounds "7"]
[EventCountry "GER"]
[SourceTitle "playchess.com"]
[Source "ChessBase"]
[SourceQuality "1"]
[TimeControl "40/5400+30:1800+30"]

1. e4 c5 2. Nf3 d6 3. Bb5+ Nd7 4. c3 Ngf6 5. Qe2 e6 6. O-O a6 7. Ba4 b5 8. Bc2 Bb7 9. d3 {[%emt 0:08:00] B51: Sicilian: Moscow Variation (3 Bb5+) without 3...Bd7.} Be7 10. h3 Rc8 11. Rd1 O-O {[%emt 0:04:04] [#]} 12. Bf4 $146 ({Predecessor:} 12. Nbd2 Qb6 13. Nf1 Bc6 14. Ng3 Qb7 15. Bf4 Rfd8 16. d4 Nf8 17. Re1 Ng6 18. Bg5 Re8 19. Rad1 Rcd8 20. Bc1 Bf8 21. Bg5 Be7 22. Bc1 Bf8 23. Bg5 Be7 {½-½ (23) Trusewicz,J (2052)-Dera,A (2115) Wysowa 2003}) 12... e5 13. Bh2 Qc7 14. Nbd2 Ne8 15. Rac1 g6 16. d4 c4 17. Nf1 f6 18. Ne3 Nb6 19. Ne1 Ng7 20. f4 Ne6 21. Qg4 Nxf4 22. Bxf4 exf4 23. Qxf4 d5 24. Qg4 Kh8 25. exd5 Nxd5 26. Nxd5 Bxd5 27. Qe2 Bd6 28. Nf3 Bf4 29. Ra1 Rce8 30. Qf1 Bg3 31. a4 Re3 32. axb5 axb5 33. Kh1 Qe7 34. Ng1 f5 35. Ra5 Qe8 36. Raa1 f4 37. Rd2 Qe6 38. Re2 {[%emt 0:00:56] [#]} Re8 $2 (38... f3 $1 {[%mdl 512] mates} 39. gxf3 Rfxf3 40. Qxf3 Rxe2 {[%mdl 64] Pin} 41. Ra8+ {[#]} Kg7 $1 42. Ra7+ Kh6 $1 43. Rxh7+ Kxh7 44. Bxg6+ Qxg6 45. Nxe2 Bxf3+ 46. Kg1 Qb1+ {[%mdl 64] Double Attack} 47. Nc1 Qxc1#) 39. Rxe3 $2 (39. Bd1) 39... Qxe3 $2 (39... fxe3 $19 40. Bd1 Bb8) 40. Bd1 Qd2 41. Bf3 Bxf3 42. Nxf3 (42. Qxf3 $11 Qxb2 43. Qc6 Qxa1 44. Qxe8+ Kg7 45. Qe7+ Kh6 46. Qf8+ Kh5 47. Qc5+ Kh6 48. Qf8+ Kh5 49. Qc5+ Kh6 50. Qf8+) 42... Qxb2 43. Rc1 $2 (43. d5 $17) 43... Re3 44. Rb1 (44. Rd1 $19 Qc2 45. d5) 44... Qc2 45. Rxb5 (45. Qd1 $142 Qxd1+ 46. Rxd1) 45... Rxf3 46. Qa1 Kg7 47. Rb7+ Kh6 48. Rb2 Qxb2 0-1

[Event "GER-ch Youth U16W 2020"]
[Site "Willingen"]
[Date "2020.10.24"]
[Round "7.6"]
[White "Pavlov, Liliane"]
[Black "Yue, Qizhou"]
[Result "0-1"]
[ECO "E11"]
[WhiteElo "1744"]
[BlackElo "1775"]
[Annotator "NA RC"]
[PlyCount "94"]
[EventDate "2020.10.20"]
[EventType "swiss"]
[EventRounds "7"]
[EventCountry "GER"]
[SourceTitle "playchess.com"]
[Source "ChessBase"]
[SourceQuality "1"]
[TimeControl "40/5400+30:1800+30"]

1. d4 Nf6 2. c4 e6 3. Nf3 Bb4+ 4. Bd2 c5 5. Bxb4 cxb4 6. g3 O-O 7. Bg2 d6 8. O-O a5 9. a3 Na6 10. Nbd2 Re8 11. Qc2 e5 12. e4 Bg4 13. h3 Bxf3 14. Nxf3 Rc8 15. b3 bxa3 16. Rxa3 Nb4 17. Qb1 b6 18. Rd1 Qe7 19. dxe5 dxe5 20. Ra1 Red8 21. Ne1 Rxd1 22. Qxd1 Rd8 23. Qe2 Qd6 24. Nc2 Nxc2 25. Qxc2 Qc5 26. Kh2 h6 27. Qe2 Rd4 28. Qe3 Qd6 29. Rb1 Rd3 30. Qe2 Rd2 31. Qe3 Rd3 32. Qe2 Qd4 33. Qb2 Qd6 34. Qe2 Rd2 35. Qe3 Nd7 36. Qc3 Rxf2 37. Rf1 Rxf1 38. Bxf1 Qd4 39. Qc2 Nc5 40. Bg2 Kh7 41. h4 Kg8 42. Kh3 Qd3 43. Qb2 Nxe4 44. Bxe4 Qxe4 45. Qf2 Qh1+ 46. Kg4 g6 47. Qf6 h5+ 0-1

[Event "GER-ch Youth U16W 2020"]
[Site "Willingen"]
[Date "2020.10.24"]
[Round "7.7"]
[White "Schneider, Katharina"]
[Black "Klahold, Rona"]
[Result "1-0"]
[ECO "C55"]
[WhiteElo "1779"]
[BlackElo "1551"]
[Annotator "NA RC"]
[PlyCount "79"]
[EventDate "2020.10.20"]
[EventType "swiss"]
[EventRounds "7"]
[EventCountry "GER"]
[SourceTitle "playchess.com"]
[Source "ChessBase"]
[SourceQuality "1"]
[TimeControl "40/5400+30:1800+30"]

1. e4 e5 2. Nf3 Nc6 3. d4 exd4 4. Bc4 Nf6 5. O-O Bc5 6. e5 d5 7. exf6 dxc4 8. fxg7 Rg8 9. Re1+ Be6 10. Ng5 Qf6 11. Nxe6 fxe6 12. Qh5+ Kd7 13. Qxc5 Qxg7 14. g3 Raf8 15. Qxc4 Qf6 16. Re2 e5 17. Nd2 h5 18. Ne4 Qf5 19. Nc5+ Kc8 20. Qb5 Nd8 21. Qd3 Qf6 22. Bd2 h4 23. Rae1 Rf7 24. Ne4 Qf5 25. Ng5 Rxg5 26. Bxg5 Qxg5 27. Rxe5 Qf6 28. Qxd4 b6 29. Qg4+ Kb7 30. R1e2 Rg7 31. Qe4+ Ka6 32. Re7 Qxb2 33. Rxg7 Qxg7 34. Qd3+ Kb7 35. Qxd8 Qa1+ 36. Kg2 Qxa2 37. Qxh4 Ka6 38. Qe4 c5 39. h4 Kb5 40. c4+ 1-0

[Event "GER-ch Youth U16W 2020"]
[Site "Willingen"]
[Date "2020.10.24"]
[Round "7.8"]
[White "Jacoby, Angelina"]
[Black "Doll, Rebecca"]
[Result "1/2-1/2"]
[ECO "D00"]
[WhiteElo "1630"]
[BlackElo "1808"]
[Annotator "NA RC"]
[PlyCount "153"]
[EventDate "2020.10.20"]
[EventType "swiss"]
[EventRounds "7"]
[EventCountry "GER"]
[SourceTitle "playchess.com"]
[Source "ChessBase"]
[SourceQuality "1"]
[TimeControl "40/5400+30:1800+30"]

1. d4 d5 2. Bf4 Nf6 3. e3 e6 4. Nf3 c5 5. c3 Nc6 6. Nbd2 cxd4 7. exd4 {[%emt 0:02:05] D02: 1 d4 d5 2 Nf3 sidelines, including 2...Nf6 3 g3 and 2...Nf6 3 Bf4.} Nh5 8. Bg5 f6 9. Bh4 (9. Be3 $5 Bd6 10. g3 $14) 9... Be7 10. Be2 Nf4 {[%emt 0:04:47] [#]} 11. O-O $146 ({Predecessor:} 11. Bg3 Nh5 12. Qc2 g6 13. Bd3 Bd7 14. Rc1 O-O 15. O-O Kg7 16. Rfe1 Rc8 17. Qb1 Nxg3 18. hxg3 {0-1 (28) Balogh,M (1973)-Bohus,A (2246) Zalakaros 2018}) 11... O-O 12. Ne1 (12. Bg3 $11 {remains equal.} Nh5 13. Bh4) 12... e5 13. dxe5 fxe5 14. Bg3 Nxe2+ 15. Qxe2 Bd6 16. Nb3 Qf6 17. Rd1 Be6 18. Qb5 Qf7 19. Nc5 a6 20. Qb6 Bc8 21. Ned3 Bc7 22. Qb3 b6 23. Na4 Be6 24. Qc2 Rac8 25. b3 Qg6 26. Qe2 Rce8 27. Nc1 Ra8 28. Nd3 Rfe8 29. f3 Bf5 30. Nc1 Qf7 31. Bf2 b5 32. Nc5 Ne7 33. N5d3 Ng6 34. Nb4 Nf4 35. Qd2 Red8 36. Ne2 a5 37. Nc2 Ng6 38. Ng3 Nf4 39. Nxf5 Qxf5 40. Ne3 Qg6 41. Bg3 {[%emt 0:04:32] [#]} Bb6 ({Better is} 41... d4 $1 $17 42. cxd4 Bb6) 42. Kh1 d4 43. cxd4 (43. Ng4 $1 $11 {keeps the balance.} Nd5 44. cxd4 exd4 45. Ne5) 43... exd4 $11 44. Bxf4 dxe3 45. Qe2 Qe8 46. Rfe1 Rac8 47. h3 Rxd1 48. Rxd1 Rc3 49. Kg1 Qc8 50. Re1 Qf5 51. Qb2 e2+ 52. Kh1 Rc2 53. Qb1 Qd3 54. Bg3 Bd4 55. Kh2 Qd2 56. a3 Rb2 57. Qe4 Qe3 58. Qd5+ Kf8 59. Qxb5 Rxb3 60. Qxe2 Qxe2 61. Rxe2 Kf7 62. Ra2 a4 63. Bd6 Ke6 64. Bb4 Kd5 65. Kg3 Rb2 66. Rxb2 Bxb2 67. Kf2 Kc4 68. Ke2 Kb3 69. Kd3 Be5 70. Bf8 Bb2 71. g3 Ba1 72. f4 Bb2 73. g4 Ba1 74. f5 Bf6 75. Bc5 g6 76. fxg6 hxg6 77. Ke4 1/2-1/2